 Dungeon Crawl Stone Soup version 0.19.0-20-gbc5f0c6 (webtiles) character file.

58407 Charly the Severer (level 14, -15/126 HPs)
             Began as a Minotaur Berserker on Nov 16, 2016.
             Was the Champion of Trog.
             Demolished by an orc warrior
             ... wielding a +0 halberd
              (19 damage)
             ... while paralysed by an orc sorcerer
             ... on level 2 of the Orcish Mines.
             The game lasted 00:29:37 (15654 turns).

Charly the Severer (Minotaur Berserker)            Turns: 15654, Time: 00:29:38

Health: -15/126    AC: 18    Str: 24    XL:     14   Next: 49%
Magic:  13/13      EV:  2    Int:  4    God:    Trog [******]
Gold:   543        SH:  0    Dex: 13    Spells: 0 memorised, 13 levels left

rFire  + . .     SeeInvis .     a - +0 battleaxe (freeze)
rCold  . . .     Gourm    .     x - +5 scale mail "Wazysoiz" {+Blink}
rNeg   . . .     Faith    .     (shield currently unavailable)
rPois  +         Spirit   .     (helmet restricted)
rElec  +         Reflect  .     g - +0 cloak
rCorr  .         Harm     .     I - +0 pair of gloves
MR     +++..                    (no boots)
Stlth  +.........               (no amulet)
                                s - ring "Ashrisk" {rElec rF+ Stlth+}
                                q - ring of poison resistance

@: paralysed, lethally poisoned (-15 -> -33), exhausted, very slightly
contaminated, regenerating, hasted and slowed, drained
A: retaliatory headbutt, horns 2
a: Berserk, Trog's Hand, Brothers in Arms, Burn Spellbooks, Renounce Religion,
Evoke Blink


You were on level 2 of the Orcish Mines.
You worshipped Trog.
Trog was exalted by your worship.
You were near starving.

You visited 3 branches of the dungeon, and saw 20 of its levels.

You collected 1284 gold pieces.
You spent 741 gold pieces at shops.

Inventory:

Hand Weapons
 a - a +0 battleaxe of freezing (weapon)
 b - the +7 mace "Doinnaod" {crush, rElec rC- rN+++ Int+2}
   (You found it on level 5 of the Dungeon)

   It inflicts extra damage upon your enemies.
   It affects your intelligence (+2).
   It makes you vulnerable to cold.
   It insulates you from electricity.
   It renders you almost immune to negative energy.
 L - a +1 antimagic battleaxe
Missiles
 t - a throwing net (quivered)
Armour
 g - a +0 cloak (worn)
 i - the -1 shield of Apathy {rElec rC- Int+4, unknown}
   (You found it on level 2 of the Lair of Beasts)

   It affects your intelligence (+4).
   It makes you vulnerable to cold.
   It insulates you from electricity.
 p - a +1 plate armour
 x - the +5 scale mail "Wazysoiz" (worn) {+Blink}
   (You found it on level 12 of the Dungeon)

   It lets you blink.
 I - a +0 pair of gloves (worn)
Jewellery
 f - an uncursed ring of fire
 q - a ring of poison resistance (left hand)
 s - the ring "Ashrisk" (right hand) {rElec rF+ Stlth+}
   (You bought it in a shop on level 10 of the Dungeon)

   [ring of protection from fire]

   It protects you from fire.
   It insulates you from electricity.
   It makes you more stealthy.
Wands
 h - a wand of paralysis (6/24)
 o - a wand of disintegration (14/24)
 u - a wand of digging (20/24)
 D - a wand of iceblast (6/15)
 K - a wand of random effects (15/48)
 M - a wand of slowing (40/48)
Scrolls
 e - 4 scrolls of enchant weapon
 l - 7 scrolls of teleportation
 y - a scroll of blinking
 E - 3 scrolls of remove curse
 J - 2 scrolls of identify
Potions
 d - 3 potions of curing
 j - 2 potions of lignification
 k - a potion of cancellation
 m - a potion of agility
 r - 2 potions of heal wounds
 B - 2 potions of brilliance
 C - a potion of resistance
 F - 2 potions of flight
 H - a potion of might
Comestibles
 c - 4 bread rations
 n - 2 slices of pizza
 v - a royal jelly
 w - 10 beef jerkies
 z - 4 meat rations
 A - 3 fruits


   Skills:
 + Level 12.3(11.8) Fighting
 * Level 18.6(18.1) Axes
 * Level 15.8(15.3) Armour
 + Level 11.4(11.0) Dodging


You had 13 spell levels left.
You didn't know any spells.

Dungeon Overview and Level Annotations

Branches:
Dungeon (12/15)            Temple (0/1) D:6            Lair (6/6) D:10
 Shoals (0/4) Lair:2        Snake (0/4) Lair:3        Slime (0/5) Lair:6
    Orc (2/2) D:12            Elf (0/3) Orc:2

Altars:
Yredelemnul

Shops:
D:8 (   D:10 =   Orc:2 (

Annotations:
D:9 exclusion: door
D:12 Azrael, Fannar


Innate Abilities, Weirdness & Mutations

You reflexively headbutt those who attack you in melee.
You have a pair of horns on your head.


Message History

The orc sorcerer hits you but does no damage.
The orc warrior hits you with a dire flail!!
* * * LOW HITPOINT WARNING * * *
The orc priest moves out of view.
The orc knight hits you with a long sword!
* * * LOW HITPOINT WARNING * * *
The orc knight roars a battlecry!
The orcs go into a battle-frenzy!
The hellwing hits you.
* * * LOW HITPOINT WARNING * * *
The hellwing hits you but does no damage.
You feel sick.
The orc sorcerer hits you with a dagger.
* * * LOW HITPOINT WARNING * * *
The orc sorcerer gestures wildly while chanting.
The orc warrior hits you from afar with a glaive of venom!!!
* * * LOW HITPOINT WARNING * * *
You are lethally poisoned!
The orc warrior hits you from afar with a halberd!!
You die...

## .∩## ..## ##..#
...# #))# .. ##o)##
... #@o))#
#.#.ooo34#4#
#.#..ooo##.#
#.#...###..#
#.######..##
...####.####...##
#...........###
######.######
#######.###########


You could see 2 orc knights, a sun demon, a hellwing, a rust devil, 2 orc
sorcerers, 3 orc warriors and an orc priest.

Vanquished Creatures
  Josephine (Lair:4)
  4 hydras
  4 catoblepae
  2 orc high priests (Orc:2)
  Urug (D:10)
  2 hill giants (D:11)
  A lindwurm (Lair:5)
  3 orc knights
  2 orc sorcerers (Orc:2)
  A cyclops (D:12)
  4 slime creatures
  6 elephants
  A siren (Lair:2)
  4 black mambas (Lair:6)
  23 spiny frogs
  A gargoyle (D:11)
  A torpor snail (Lair:6)
  A centaur skeleton (D:12)
  10 komodo dragons
  7 rime drakes
  3 polar bears
  3 trolls
  2 tyrant leeches (Lair:6)
  2 hornets
  7 dream sheep (Lair:6)
  12 blink frogs
  15 hippogriffs
  7 wyverns
  3 wraiths (Lair:4)
  36 yaks
  8 basilisks
  2 fire elementals (D:12)
  A hungry ghost (D:8)
  4 vampire mosquitoes (Lair:6)
  3 wargs (Orc:2)
  2 steam dragons
  3 soldier ants
  3 nagas (Lair:3)
  13 water moccasins
  4 hell hounds
  7 porcupines
  7 orc warriors
  2 sky beasts
  A black bear (D:6)
  3 ice beasts
  9 ogres
  4 centaurs
  27 crocodiles
  24 bullfrogs
  2 wyvern zombies
  A wyvern skeleton (D:12)
  3 scorpions
  46 killer bees (Lair:4)
  4 wights (D:11)
  2 howler monkeys
  5 electric eels (Lair:6)
  A quasit (D:11)
  5 hounds
  A bullfrog skeleton (D:9)
  A gnoll shaman (D:6)
  4 jellies
  7 orc priests
  9 iguanas
  9 orc wizards
  5 worker ants
  7 gnolls
  5 adders
  5 river rats (D:10)
  An adder skeleton (D:4)
  2 dart slugs (D:2)
  13 leopard geckos
  35 orcs
  A giant cockroach (D:6)
  5 hobgoblins
  12 jackals
  2 quokkas
  A ball python (D:7)
  6 frilled lizards (Lair:3)
  5 kobolds
  4 rats
  11 fungi
  2 plants (Lair:6)
518 creatures vanquished.

Vanquished Creatures (others)
  A slime creature (D:12)
  An orc wizard (Orc:1)
  11 fungi
  42 plants
55 creatures vanquished.

Grand Total: 573 creatures vanquished

Notes
Turn   | Place    | Note
-------+----------+-------------------------------------------
     0 | D:1      | Charly the Minotaur Berserker began the quest for the Orb.
     0 | D:1      | Reached XP level 1. HP: 19/19 MP: 0/0
    98 | D:2      | Reached XP level 2. HP: 18/27 MP: 1/1
   111 | D:2      | Reached skill level 4 in Axes
   706 | D:4      | Reached XP level 3. HP: 32/33 MP: 2/2
   712 | D:4      | Reached ** piety under Trog
   758 | D:4      | Reached skill level 5 in Axes
   965 | D:5      | Entered Level 5 of the Dungeon
   970 | D:5      | Got a faintly glowing mace
   976 | D:5      | Reached XP level 4. HP: 38/40 MP: 3/3
   997 | D:6      | Noticed an orc warrior
   997 | D:6      | Noticed a centaur
  1004 | D:6      | Killed a centaur
  1004 | D:6      | Reached skill level 6 in Axes
  1004 | D:6      | Reached XP level 5. HP: 10/46 MP: 4/4
  1005 | D:6      | Killed an orc warrior
  1005 | D:6      | Reached skill level 7 in Axes
  1005 | D:6      | Reached XP level 6. HP: 11/52 MP: 5/5
  1283 | D:6      | Found a staircase to the Ecumenical Temple.
  1297 | D:6      | Reached skill level 8 in Axes
  1428 | D:6      | Reached skill level 9 in Axes
  1592 | D:6      | Reached XP level 7. HP: 59/59 MP: 6/6
  1597 | D:6      | Reached *** piety under Trog
  1706 | D:7      | Reached skill level 10 in Axes
  1987 | D:8      | Found Lifyjedgh's Antique Weapon Boutique.
  2111 | D:8      | Reached skill level 11 in Axes
  2111 | D:8      | Reached XP level 8. HP: 66/66 MP: 7/7
  2202 | D:8      | Found a basalt altar of Yredelemnul.
  2345 | D:8      | Noticed a hippogriff
  2352 | D:8      | Killed a hippogriff
  2352 | D:8      | Reached skill level 5 in Fighting
  2577 | D:8      | Noticed a hornet
  2577 | D:8      | Paralysed by a hornet for 2 turns
  2586 | D:8      | Killed a hornet
  2586 | D:8      | Reached skill level 12 in Axes
  2586 | D:8      | Reached skill level 5 in Armour
  2829 | D:8      | Reached XP level 9. HP: 74/74 MP: 8/8
  3258 | D:10     | Entered Level 10 of the Dungeon
  3269 | D:10     | Found a staircase to the Lair.
  3275 | D:10     | Reached **** piety under Trog
  3284 | D:10     | Reached skill level 13 in Axes
  3288 | D:10     | Reached skill level 5 in Dodging
  3310 | D:10     | Reached XP level 10. HP: 29/84 MP: 9/9
  3561 | D:10     | Found Nias's Jewellery Shoppe.
  4120 | D:10     | Noticed Urug
  4143 | D:10     | Killed Urug
  4300 | D:11     | Noticed a hill giant
  4309 | D:11     | Killed a hill giant
  4309 | D:11     | Reached skill level 14 in Axes
  4503 | D:11     | Noticed a gargoyle
  4506 | D:11     | Killed a gargoyle
  4676 | D:11     | Noticed a hill giant
  4693 | D:11     | Killed a hill giant
  5222 | Lair:1   | Entered Level 1 of the Lair of Beasts
  5240 | D:10     | Bought an uncursed ring of poison resistance for 240 gold pieces
  5345 | Lair:1   | Reached XP level 11. HP: 90/94 MP: 10/10
  5400 | Lair:1   | Reached skill level 10 in Armour
  5402 | Lair:1   | Reached ***** piety under Trog
  5652 | Lair:1   | Noticed a six-headed hydra
  5653 | Lair:1   | Identified the +7 mace "Doinnaod" {crush, rElec rC- rN+++ Int+2} (You found it on level 5 of the Dungeon)
  5665 | Lair:1   | Killed a six-headed hydra
  5721 | Lair:1   | Reached skill level 15 in Axes
  6462 | Lair:2   | Found a staircase to the Shoals.
  6652 | Lair:2   | Got a smoking shield
  7387 | Lair:3   | Found a staircase to the Snake Pit.
  7394 | Lair:3   | Reached XP level 12. HP: 105/105 MP: 11/11
  7479 | Lair:3   | Noticed a five-headed hydra
  7599 | D:12     | Noticed Azrael
  8475 | D:12     | Got a spiked scale mail
  8486 | D:12     | Identified the +5 scale mail "Wazysoiz" {+Blink} (You found it on level 12 of the Dungeon)
  8494 | D:12     | Found a staircase to the Orcish Mines.
  8951 | D:12     | Reached skill level 16 in Axes
  9016 | D:12     | Noticed Fannar
  9354 | Lair:4   | Reached skill level 10 in Fighting
  9683 | Lair:4   | Noticed Josephine
  9705 | Lair:4   | Killed Josephine
  9706 | Lair:4   | Received a gift from Trog
  9988 | Lair:4   | Noticed a four-headed hydra
  9999 | Lair:4   | Killed a ten-headed hydra
 10533 | Lair:5   | Reached XP level 13. HP: 115/115 MP: 12/12
 10881 | Lair:5   | Reached skill level 17 in Axes
 11345 | Lair:5   | Reached skill level 10 in Dodging
 11545 | Lair:5   | Received a gift from Trog
 11945 | Lair:6   | Entered Level 6 of the Lair of Beasts
 11966 | Lair:6   | Reached ****** piety under Trog
 12410 | Lair:6   | Received a gift from Trog
 12689 | Lair:6   | Reached skill level 18 in Axes
 12692 | Lair:6   | Reached skill level 15 in Armour
 12692 | Lair:6   | Reached XP level 14. HP: 75/125 MP: 13/13
 13745 | Lair:6   | Found a staircase to the Slime Pits.
 14986 | D:10     | Bought the ring "Ashrisk" {rElec rF+ Stlth+} for 501 gold pieces
 15056 | Orc:1    | Entered Level 1 of the Orcish Mines
 15177 | Orc:2    | Entered Level 2 of the Orcish Mines
 15177 | Orc:2    | Found a staircase to the Elven Halls.
 15624 | Orc:2    | Found Moshap's Antique Weapon Shoppe.
 15633 | Orc:2    | Received a gift from Trog
 15649 | Orc:2    | Paralysed by an orc sorcerer for 6 turns
 15654 | Orc:2    | HP: 4/126 [orc warrior/glaive of venom (37)]
 15654 | Orc:2    | Demolished by an orc warrior

Skill      XL: |  1  2  3  4  5  6  7  8  9 10 11 12 13 14 |
---------------+-------------------------------------------+-----
Axes           | 4 5 6 7 9 11 12 13 14 15 16 18 | 18.6
Fighting       | 4 5 6 8 9 10 11 12 | 12.3
Armour         | 5 8 9 11 13 15 | 15.8
Dodging        | 3 5 6 8 9 10 11 | 11.4

Action                   |  1- 3 |  4- 6 |  7- 9 | 10-12 | 13-15 || total
-------------------------+-------+-------+-------+-------+-------++-------
Melee: Hand axe          |    53 |     9 |       |       |       ||    62
       Headbutt          |     9 |    15 |    30 |   122 |   109 ||   285
       Battleaxe         |       |    50 |   155 |   575 |   464 ||  1244
       Mace              |       |       |       |     3 |    10 ||    13
Invok: Berserk           |     2 |     1 |     3 |    17 |    11 ||    34
       Trog's Hand       |     1 |       |     1 |     4 |     5 ||    11
       Burn Spellbooks   |     1 |       |       |     4 |       ||     5
  Use: Scroll            |       |       |     9 |    13 |     5 ||    27
       Potion            |       |       |       |       |     4 ||     4
  Eat: Chunk             |     1 |       |     5 |    35 |    15 ||    56
       Bread ration      |       |     1 |       |       |       ||     1
       Meat ration       |       |       |     1 |       |       ||     1
       Royal jelly       |       |       |       |     3 |     6 ||     9
Armor: Animal skin       |     9 |     1 |       |       |       ||    10
       Plate armour      |       |    78 |    73 |   150 |       ||   301
       Scale mail        |       |       |       |   129 |   150 ||   279
Dodge: Dodged            |    37 |    35 |    82 |   382 |   302 ||   838
